Cogmind - Beta 16 @@@ ROGUE MODE // 2026.01.28 @ 00:41:42 Player: AngelSpirit Result: Destroyed by Y-54 Guardian with Gatling Laser Performance ------------- Evolutions (0) 0 Regions Visited (4) 800 Robots Destroyed (54) 270 Value Destroyed (1080) 1080 Prototype IDs (12) 240 Alien Tech Used (0) 0 Bonus (239) 239 TOTAL SCORE: 2629 Bonus ------- Follower Combat Kills 240 Friendly Fire -1 Cogmind --------- Core Integrity 0/250 Matter 93/300 Energy 100/100 System Corruption 0% Temperature Cool (30) Movement Rolling (215) Ox9 Location -7/Recycling Parts ------- > --- POWER (1) -------- Subdweller Power Source > --- PROPULSION (2) --- Wheel > --- UTILITY (2) ------ Huge Storage Unit > --- WEAPON (2) ------- Battle Cannon Battle Cannon > --- INVENTORY (25) --- Subdweller Power Source Meta Core Wheel Scrap Shield Hacking Suite Subdweller Machine Gun Subdweller Machine Gun Subdweller Machine Gun Subdweller Shrapnel Launcher SUBCON Basin (Full) Peak State ------------ > --- POWER ------------ Subdweller Power Source > --- PROPULSION ------- Wheel Wheel > --- UTILITY ---------- Huge Storage Unit > --- WEAPON ----------- Battle Cannon Battle Cannon > --- INVENTORY -------- Subdweller Power Source Meta Core Wheel Scrap Shield Hacking Suite Subdweller Laser Subdweller Machine Gun Subdweller Machine Gun Subdweller Shrapnel Launcher SUBCON Basin [Rating: 30] Favorites ----------- Power Ion Engine Engine Ion Engine Propulsion Wheel Wheel Wheel Utility Seismic Detector Device Seismic Detector Storage Huge Storage Unit Protection Backup Plating I Weapon Assault Rifle Energy Gun Subdweller Laser Energy Cannon Subdweller Beam Cannon Ballistic Gun Assault Rifle Ballistic Cannon Battle Cannon Launcher Rocket Launcher Impact Weapon Flail Build | -11 -10 -10 -10 -7 ------- Run | Yrd Mat Min Sub Rec Slots Evolved . | . . . . . Power . | . . . . . Propulsion . | . . . . . Utility . | . . . . . Weapon . | . . . . . Parts Attached 42 | 7 9 2 24 . Power 5 | 1 1 . 3 . Engine 5 | 1 1 . 3 . Core . | . . . . . Reactor . | . . . . . Propulsion 11 | 2 2 1 6 . Treads . | . . . . . Leg . | . . . . . Wheel 11 | 2 2 1 6 . Hover . | . . . . . Flight . | . . . . . Utility 6 | 2 3 1 . . Device 1 | 1 . . . . Storage 4 | 1 2 1 . . Processor . | . . . . . Hackware . | . . . . . Protection 1 | . 1 . . . Artifact . | . . . . . Weapon 20 | 2 3 . 15 . Energy Gun 2 | . . . 2 . Energy Cannon 4 | . . . 4 . Ballistic Gun 7 | 2 2 . 3 . Ballistic Cannon 3 | . . . 3 . Launcher 3 | . 1 . 2 . Special Weapon . | . . . . . Impact Weapon 1 | . . . 1 . Slashing Weapon . | . . . . . Piercing Weapon . | . . . . . Special Melee Weapon . | . . . . . Unidentified Prototypes . | . . . . . Parts Lost 12 | . 2 1 8 1 Power 2 | . . . 2 . Propulsion 6 | . 2 1 2 1 Utility 2 | . . . 2 . Weapon 2 | . . . 2 . Highest Loss Streak 2 | . 1 1 2 1 To Critical Strikes . | . . . . . Average Backups 12 | . 7 8 16 9 Power 1 | . . 1 2 1 Propulsion 2 | . 2 1 4 1 Utility 1 | . 1 2 1 2 Weapon 5 | . 2 4 7 4 Tool/Special . | . . . . . Unused Backups 15 | . 1 . 7 7 Power 2 | . . . 1 1 Propulsion 2 | . . . 2 . Utility 2 | . . . . 2 Weapon 8 | . 1 . 4 3 Tool/Special 1 | . . . . 1 Average Slot Usage (%) 97 | . 99 99 95 78 Engine 13 | . 14 14 13 14 Wheel 27 | . 27 27 27 21 Device 11 | . 11 13 10 . Storage 14 | . 14 14 14 14 Energy Cannon 9 | . . . 17 . Ballistic Gun 15 | . 27 27 3 . Ballistic Cannon 2 | . . . 4 28 Peak Build Rating 30 | 7 9 9 30 30 Average Rating 10 | 5 7 8 13 29 On Entrance 10 | . 7 8 8 30 Avg Prop Armor Cover (%) . | . . . . . Naked Turns . | . . . . . Heaviest Build 101 | 11 30 90 101 . Greatest Support 30 | 20 20 20 30 . Greatest Overweight (x) 9 | . 2 4 9 . Average Overweight (x) 2 | . . 3 3 . Largest Inventory Capacity 25 | 8 15 25 25 25 Average Capacity 21 | 7 11 22 25 25 Most Carried 25 | 1 10 10 25 25 Average Carried 13 | . 7 8 19 25 Final Capacity 25 | 8 15 25 25 25 Final Carried 25 | 1 8 10 25 25 Class Distribution -------------------- 95% | Mutant 4% | Scavenger-Mutant Dominant Class ---------------- Mutant | -10/Materials Mutant | -10/Mines Mutant | -10/Subcaves Mutant | -7/Recycling Resources | -11 -10 -10 -10 -7 ----------- Run | Yrd Mat Min Sub Rec Matter Collected 1279 | 206 525 187 361 . Remotely . | . . . . . Salvage Created 1078 | 17 492 157 412 . Parts 100 | 4 45 24 27 . Haulers Intercepted 2 | . 2 . . . Recyclers Shooed . | . . . . . Parts Field Recycled . | . . . . . Retrieved Matter . | . . . . . Parts Self-Destructed 11 | . . . 11 . Prevented . | . . . . . Parts Restored . | . . . . . Kills | -11 -10 -10 -10 -7 ------- Run | Yrd Mat Min Sub Rec Combat Hostiles Destroyed 40 | . 14 11 15 . Guns 12 | . 10 . 2 . Cannons 6 | . . . 6 . AOE 20 | . 4 11 5 . Classes Destroyed 9 | 1 6 . 2 . Worker 3 | . 1 2 . . Tunneler 3 | 1 1 1 . . Hauler 2 | . 2 . . . Operator 2 | . 2 . . . Turret 2 | . . . 2 . Watcher 2 | . 2 . . . Swarmer 23 | . 8 9 6 . Grunt 8 | . 6 2 . . Subdweller 9 | . . . 9 . Best Kill Streak 7 | 1 7 3 5 . Combat Bots Only 6 | . 6 3 3 . Max Kills in Single Turn 3 | 1 3 3 3 . Gunslinging . | . . . . . Exploded 3 | . 3 3 3 . Melee . | . . . . . Uniques/NPCs Destroyed . | . . . . . Combat | -11 -10 -10 -10 -7 -------- Run | Yrd Mat Min Sub Rec Hostile Shots Fired 152 | . 34 26 56 36 Missed 55 | . 13 10 20 12 Hits 97 | . 21 16 36 24 Projectile 97 | . 21 16 36 24 AOE 1 | . . . 1 . Damage Taken 1331 | . 228 171 761 171 Core 256 | . 53 24 135 44 Absorbed by Shields . | . . . . . Core Remaining (%) 100 | 100 . . . . Volleys Fired 113 | 1 54 13 42 3 Largest 2 | 2 2 2 2 2 Hottest 160 | 40 40 40 160 66 Shots Fired 206 | 2 107 18 73 6 Gun 140 | 2 106 10 22 . Cannon 53 | . . . 47 6 Launcher 13 | . 1 8 4 . Special . | . . . . . Kinetic 156 | 2 106 10 32 6 Thermal 39 | . . . 39 . Explosive 11 | . 1 8 2 . Electromagnetic . | . . . . . Robot Hit Streak 12 | 2 12 6 7 3 Robot Miss Streak 7 | . 7 3 3 3 Penetration Max . | . . . . . Secondary Targets 1 | . 1 . . . Max Gunslinging Chain 1 | . 1 . . . Shots Hit Robots 113 | 2 60 8 40 3 Core Hits 71 | 2 37 13 18 1 Critical Kills 2 | . . . 2 . Critical Parts Destroyed 2 | . 2 . . . Critical Strikes 7 | . 2 . 4 1 Meltdown 2 | . . . 2 . Destroy 3 | . 2 . 1 . Blast 2 | . . . 1 1 Melee Attacks 5 | . . . 5 . Impact 5 | . . . 5 . Slashing . | . . . . . Piercing . | . . . . . Sneak Attacks . | . . . . . Combat Hostiles . | . . . . . Follow-up Attacks . | . . . . . Damage Inflicted 3300 | 13 1047 855 1318 67 Guns 1072 | 13 709 94 256 . Cannons 697 | . . . 630 67 Explosions 1531 | . 338 761 432 . Melee . | . . . . . Ramming . | . . . . . Kinetic 1518 | 13 709 94 635 67 Thermal 591 | . . 55 536 . Explosive 1191 | . 338 706 147 . Electromagnetic . | . . . . . Impact . | . . . . . Slashing . | . . . . . Piercing . | . . . . . Highest Corruption . | . . . . . Average Corruption . | . . . . . Corruption Purged . | . . . . . Corruption Blocked . | . . . . . Overload Shots . | . . . . . Overflow Damage 117 | . 4 81 32 . Projectiles . | . . . . . Explosions 117 | . 4 81 32 . Melee . | . . . . . Knockbacks 3 | . . . 3 . Impact . | . . . . . Kinetic 3 | . . . 3 . Secondary . | . . . . . Self-Inflicted Damage 47 | . . 47 . . Shots 2 | . . 2 . . Rammed . | . . . . . Targets Rammed . | . . . . . Kicked . | . . . . . Crushed . | . . . . . Highest Temperature 155 | . 3 8 155 30 Average Temperature 52 | . 3 6 59 16 Received Heat Transfer 204 | . 90 . 66 48 Siege Activations . | . . . . . Martial Activations . | . . . . . Shielding Activations . | . . . . . Robots Disrupted . | . . . . . Combat Hostiles . | . . . . . Robots Corrupted . | . . . . . Combat Hostiles . | . . . . . Parts Fried . | . . . . . Impact Corruptions . | . . . . . Robots Melted 2 | . . . 2 . Combat Hostiles 2 | . . . 2 . Parts Melted . | . . . . . Heat Transferred 767 | . . 50 717 . Parts Sabotaged . | . . . . . Parts Stolen . | . . . . . Parts Stripped . | . . . . . Power Chain Reactions . | . . . . . Alert | -11 -10 -10 -10 -7 ------- Run | Yrd Mat Min Sub Rec Maximum Alert Level 1 | . 1 . . . Low Security (%) 97 | 100 93 100 . 100 Level 1 2 | . 6 . . . Level 2 . | . . . . . Level 3 . | . . . . . Level 4 . | . . . . . Level 5 . | . . . . . High Security . | . . . . . Max Security . | . . . . . Peak Influence 209 | 5 209 184 . 69 Initial 70 | . . 70 . 69 Average 72 | . 94 60 . 65 Influence Increases 1121 | 5 509 373 234 . Destroy 0b10 Robot/C 700 | . 280 220 200 . Destroy 0b10 Robot/NC 60 | 5 40 15 . . Destroy Leader 118 | . 58 40 20 . Allied During Kill 25 | . . 11 14 . Successful Hack 42 | . 42 . . . Disable Machine 60 | . 45 15 . . Destroy Structure 86 | . 14 72 . . Lose Combat Pursuer 30 | . 30 . . . Influence Decreases 1062 | 5 329 553 90 85 Entered New Map 185 | . . 110 . 75 Time Decay 847 | 5 309 443 90 . Lost Part 30 | . 20 . . 10 Squads Dispatched 2 | . 2 . . . Investigation . | . . . . . Extermination . | . . . . . Reinforcement 2 | . 2 . . . Assault . | . . . . . Garrison . | . . . . . Intercept . | . . . . . Searches Triggered . | . . . . . Construction Impeded . | . . . . . Haulers Reinforced . | . . . . . Active Scanning Responses . | . . . . . Cargo Convoy Interrupts . | . . . . . Stealth | -11 -10 -10 -10 -7 --------- Run | Yrd Mat Min Sub Rec Distress Signals 2 | . 2 . . . Communications Jammed . | . . . . . Distress Signals . | . . . . . Times Spotted 70 | . 31 11 26 2 Peak Tracking Total 6 | . 5 3 6 2 Tactical Retreats 2 | . 2 . . . Traps | -11 -10 -10 -10 -7 ------- Run | Yrd Mat Min Sub Rec Traps Triggered 6 | . 3 . 3 . Indirectly . | . . . . . Trap Hack Attempts . | . . . . . Triggered . | . . . . . Disarmed . | . . . . . Reprogrammed . | . . . . . Reused . | . . . . . Traps Extracted . | . . . . . Installed . | . . . . . Triggered . | . . . . . Most Traps Carried 2 | . . . 2 . Machines | -11 -10 -10 -10 -7 ---------- Run | Yrd Mat Min Sub Rec Machines Disabled 9 | . 3 1 5 . Max in Single Turn 3 | . 1 1 3 . Machines Repaired . | . . . . . Machines Dismantled . | . . . . . Machines Sabotaged . | . . . . . Overloaded Fab Kills . | . . . . . Hacking | -11 -10 -10 -10 -7 --------- Run | Yrd Mat Min Sub Rec Machines Accessed 11 | . 8 . 3 . Terminals 6 | . 6 . . . Fabricators . | . . . . . Repair Stations 1 | . 1 . . . Recycling Units 1 | . 1 . . . Scanalyzers . | . . . . . Garrison Access . | . . . . . Total Hacks 31 | . 28 . 3 . Successful 17 | . 14 . 3 . Failed 14 | . 14 . . . Catastrophic 4 | . 4 . . . Database Lockouts . | . . . . . Manual 21 | . 21 . . . Terminals 24 | . 24 . . . Fabricators . | . . . . . Repair Stations 3 | . 3 . . . Recycling Units 1 | . 1 . . . Scanalyzers . | . . . . . Garrison Access . | . . . . . Terminal Hacks 6 | . 3 . 3 . Part Schematic 1 | . 1 . . . Robot Analysis 2 | . 2 . . . Open Door 1 | . . . 1 . Proto ID Catalog 1 | . . . 1 . Release Object 1 | . . . 1 . Fabricator Hacks . | . . . . . Repair Station Hacks 1 | . 1 . . . Refit 1 | . 1 . . . Recycling Unit Hacks 1 | . 1 . . . Retrieve Components 1 | . 1 . . . Scanalyzer . | . . . . . Garrison Access Hacks . | . . . . . Unauthorized Hacks 9 | . 9 . . . Terminals 9 | . 9 . . . Assimilate 1 | . 1 . . . Botnet 2 | . 2 . . . Operators 1 | . 1 . . . Skim 5 | . 5 . . . Fabricators . | . . . . . Repair Stations . | . . . . . Recycling Units . | . . . . . Scanalyzers . | . . . . . Garrison Access . | . . . . . Data Cores Recovered . | . . . . . Used . | . . . . . Hacking Detections 8 | . 8 . . . Full Trace Events . | . . . . . Feedback Events . | . . . . . Feedback Blocked . | . . . . . Robot Schematics Acquired . | . . . . . Robots Built . | . . . . . Authchips . | . . . . . Time . | . . . . . Total Robot Build Rating . | . . . . . Part Schematics Acquired 1 | . 1 . . . Parts Built . | . . . . . Authchips . | . . . . . Time . | . . . . . Total Part Build Rating . | . . . . . Part Studies Acquired . | . . . . . Parts Repaired . | . . . . . Time . | . . . . . Parts Recycled . | . . . . . Recycled Matter . | . . . . . Retrieved Matter . | . . . . . Retrieved Components 10 | . 10 . . . Parts Scanalyzed . | . . . . . Part Schematics Acquired . | . . . . . Parts Damaged . | . . . . . Bothacking | -11 -10 -10 -10 -7 ------------ Run | Yrd Mat Min Sub Rec Used RIF Installer . | . . . . . Robots Hacked . | . . . . . Non-combat . | . . . . . Combat . | . . . . . Robot Hacks Applied . | . . . . . Relay Couplers Released . | . . . . . Fabnet Peak Effective % . | . . . . . Robots Rewired . | . . . . . Allies Hacked . | . . . . . Hacks Repelled . | . . . . . Allies | -11 -10 -10 -10 -7 -------- Run | Yrd Mat Min Sub Rec Total Allies 5 | . . 5 . . Largest Group 5 | . . 5 5 . Highest-Rated Group 82 | . . 82 82 . Highest-Rated Ally 31 | . . 31 31 . Total Orders . | . . . . . Ally Attacks 59 | . . 2 57 . Total Damage 836 | . . . 836 . Kills 9 | . . . 9 . Allies Corrupted . | . . . . . Allies Melted . | . . . . . Intel | -11 -10 -10 -10 -7 ------- Run | Yrd Mat Min Sub Rec Active Infowar (turns) 3725 | 9 731 1335 1650 . Seismic 3725 | 9 731 1335 1650 . Robot Analysis Total 2 | . 2 . . . Derelict Logs Recovered 5 | . . 2 3 . Drone Launches . | . . . . . Drone Recoveries . | . . . . . Exploration | -11 -10 -10 -10 -7 ------------- Run | Yrd Mat Min Sub Rec Turns Passed 4571 | 53 857 1345 2308 8 Spaces Moved 3224 | 43 688 972 1521 . Core 1 | 1 . . . . Treads . | . . . . . Legs . | . . . . . Wheels 3223 | 42 688 972 1521 . Hover . | . . . . . Flight . | . . . . . Fastest Speed 50 | 50 80 95 131 . Average Speed 121 | 79 85 127 136 . Slowest Speed 215 | 80 110 140 215 . Overloaded Moves . | . . . . . Propulsion Burnouts . | . . . . . Robots Hopped . | . . . . . Potential Cave-ins . | . . . . . Cave-ins Triggered . | . . . . . Exploration Rate (%) 58 | 4 97 101 86 2 Regions Visited 4 Branch Regions 3 Pre-discovered Areas 3 | . 1 1 1 . Known Exits Taken 2 | . 1 1 . . Unknown Exits Taken 2 | 1 . . 1 . Scrap Searched 17 | . . 1 16 . Spaces Dug 6 | . . 6 . . Terrain Destroyed 134 | . 16 82 36 . Melee . | . . . . . Projectile 3 | . . . 3 . AOE 131 | . 16 82 33 . Terrain Rammed . | . . . . . Walls Destroyed . | . . . . . Machines Disabled . | . . . . . Actions | -11 -10 -10 -10 -7 --------- Run | Yrd Mat Min Sub Rec Total 3640 | 56 849 1056 1676 3 Wait 147 | 5 76 56 10 . Move 3220 | 42 687 971 1520 . Hop . | . . . . . Pick Up 46 | 1 8 3 34 . Fast Attach 16 | 7 5 . 4 . Attach 10 | . 2 1 7 . Detach 1 | . 1 . . . Swap 45 | . 11 11 23 . Drop 37 | . 5 1 31 . Fire 113 | 1 54 13 42 3 Melee 5 | . . . 5 . Ram . | . . . . . Kick . | . . . . . Crush . | . . . . . Escape Stasis . | . . . . . Rewire . | . . . . . Trap . | . . . . . Miscellaneous . | . . . . . Route ------- -11/Scrapyard -10/Materials (discovered 6 exits: *Mat x3 / *Min x2 / Sub) -10/Mines (discovered 3 exits: *Mat x2 / *Sub) -10/Subcaves (discovered 3 exits: [*Mat x2] / [*Rec]) -7/Recycling History --------- Turn | Location | Event 18 | -11/Scrapyard | Discovered new exit (range 15) 54 | -11/Scrapyard | Entered Materials 105 | -10/Materials | Discovered new exit (range 10) 305 | -10/Materials | Discovered new exit (range 15) 315 | -10/Materials | Build established: Mutant 337 | -10/Materials | Identified exit to Materials 405 | -10/Materials | Learned location of Storage (-7) 464 | -10/Materials | Identified exit to Mines 515 | -10/Materials | Loaded intel: 1 repair station location 586 | -10/Materials | Learned Storage security intel 625 | -10/Materials | Learned Storage security intel 674 | -10/Materials | Learned 4 Subcaves zone layouts 731 | -10/Materials | Identified exit to Subcaves 911 | -10/Materials | Entered Mines 989 | -10/Mines | Learned location of Zion (-6) 1177 | -10/Mines | Learned 4 Materials zone layouts 1610 | -10/Mines | Discovered exit to Subcaves (range 9) 1728 | -10/Mines | Assisted by bots powering up and referring to "LRC-V3" 2256 | -10/Mines | Entered Subcaves 2256 | -10/Subcaves | Accompanied by 5 allies 2261 | -10/Subcaves | Led the pair of lost Derelicts to an unsafe place 2352 | -10/Subcaves | Discovered new exit (range 12) 2390 | -10/Subcaves | Shifting Twisted Machinery released Sub. Laser 2406 | -10/Subcaves | Shifting Twisted Machinery released Battle Cannon 2572 | -10/Subcaves | Met a Zionite searching for "candidates" 2584 | -10/Subcaves | Learned Materials stockpile data 3068 | -10/Subcaves | Disturbed a concealed Subdweller 3255 | -10/Subcaves | Learned Materials terminal intel 3445 | -10/Subcaves | A swath of the cavern ceiling suddenly collapsed 3618 | -10/Subcaves | Core integrity fell below 50% 3943 | -10/Subcaves | Ambushed by Subdweller buried in earth 3998 | -10/Subcaves | Learned 8 Materials zone layouts 4018 | -10/Subcaves | Visited 4L-MR0's lab 4035 | -10/Subcaves | Found Meta Core 4204 | -10/Subcaves | Discovered new exit (range 16) 4296 | -10/Subcaves | Core integrity fell below 20% 4392 | -10/Subcaves | Found SUBCON Basin 4531 | -10/Subcaves | Discovered new exit (range 16) 4564 | -10/Subcaves | Entered Recycling 4565 | -7/Recycling | Met a Zionite searching for Scraptown 4572 | -7/Recycling | Destroyed by Y-54 Guardian with Gatling Laser Last Messages --------------- 04537_ Autobeam Turret knocked back. 04538_ Lgt. Ion Engine fries itself beyond repair. 04543_ Autobeam Turret destroyed. 04546_ Acquired 5 matter. 04562_ Acquired 1 matter. 04563_ Acquired 13 matter. LOCATION=UNKNOWN GOAL=ESCAPE 04564_ Y-54 Guardian suffers critical hit (Blast). 04565_ Y6-OM2(z): "You there! You wouldn't happen to know where Scraptown is, do you?" 04565_ Y-54 Guardian springs to life. 04566_ Y6-OM2(z): "I've heard great things about that place, but almost no one seems to know where to find it, only that you access it somewhere from Recycling here." 04566_ Y6-OM2(z) destroyed. 04569_ Wheel destroyed. Map ----- +----------------------------------------------------+ | ???????????????????????????????? | | ???????????????????????????????? | | ???????????????????????????????? | | ???????????????????????????????? | | ???????????????????????????????? | | ???????????????????????????????? | | ???????????????????????????????? | | ???????????????????????????????? | | ???????????????????????????????? | | ???????????????????????????????? | | ???????????????????????????????? | | ?????#??##?????????????????????? | | ????? ? ?????????????????????? | | ????? " ?????????????????????? | | ????? "T ?????????????????????? | | ????? ?????????????????????? | | ????? ?????????????????????? | | ?????# #?????????????????????? | | ?????# #?????????????????????? | | ?????# #?????????????????????? | | ?????# % ?????????????????????? | | ????## Y###???????????????????? | | ????? ""#???????????????????? | | ?????#Y Y"#???????????????????? | | ?????# ""#???????????????????? | | ?????#%@ #?????????????????????? | | ?????#] #?????????????????????? | | ?????#####?????????????????????? | | ???????????????????????????????? | | ???????????????????????????????? | | ???????????????????????????????? | | ???????????????????????????????? | | ???????????????????????????????? | | ???????????????????????????????? | | ???????????????????????????????? | | ???????????????????????????????? | | ???????????????????????????????? | | ???????????????????????????????? | | ???????????????????????????????? | | | | | | | | | | | | | | | | | | | | | | | +----------------------------------------------------+ Best States ------------- Heat Dissipation 25 Energy Generation 15 Energy Capacity 250 Matter Stores 300 Matter Capacity 300 Sight Range 16 Terrain Scan Density 10 Armor Coverage 80 Evasion (%) 44 Item Schematics ----------------- Hcp. Storage Unit | -10/Materials | Hacked Robot Schematics ------------------ None Fabricated ------------ Nothing Repaired ---------- Nothing Studied --------- None Alien Tech Used ----------------- None Achievements -------------- None Challenges ------------ None Game ------ Seed GuidedNetworkTreads Manual? 0 Play Time 00:25:59 Cumulative 489.6 hours Start 2026.01.28 @ 00:14:13 End 2026.01.28 @ 00:41:42 Sessions 3 Manual Loads 0 Difficulty Rogue Special Mode None Game No. 168 Rogue 168 Adventurer 0 Explorer 0 Win Type - Total 15 Types 7/0/4/1/0/0/0/1/0/2 Lore% 90 Gallery% 85 Achievement% 73 Wizard Run 0 Options --------- Layout 1 ASCII 0 Keyboard 0 Movement Mouse Keybinds 0 Fullscreen 2 Font 32/SmallcapsGlow Map View 50x35 Zoom Use 0% Tactical HUD 1 Map Filters NONE Filters NONE Steam 1 RUN: 1d73e9c0-0901-4280-9046-054a68d69b2c